 Dungeon Sprint DCSS version 0.17.0-27-g4a3f43e (webtiles) character file.

2492 oplop the Covert (level 9, -5/44 HPs)
             Began as a Spriggan Enchanter on Nov 21, 2015.
             Was a Believer of Dithmenos.
             Killed by an exploding giant spore (32 damage)
             ... in the Dungeon (Sprint I: "Red Sonja").
             The game lasted 00:03:23 (586 turns).

oplop the Covert (Spriggan Enchanter)                Turns: 586, Time: 00:03:23

Health: -5/44      AC:  3    Str:  4    XL:     9   Next: 27%
Magic:  25/25      EV: 31    Int: 17    God:    Dithmenos [**....]
Gold:   420        SH:  0    Dex: 19    Spells: 5 memorised, 19 levels left

rFire  . . .     SeeInvis +     r - +1 short sword of Pukacuaxu {venom, rPois} (curse)
rCold  . . .     Clarity  .     b - +1 robe
rNeg   . . .     SustAt   .     (shield restricted)
rPois  +         Gourm    .     (helmet restricted)
rElec  .         Spirit   .     (no cloak)
rCorr  .         Warding  .     (gloves unavailable)
rMut   .         NoTele   +     (boots unavailable)
MR     +....                    (no amulet)
Stlth  +++.......               (no ring)
                                (no ring)

@: confused, wreathed by umbra, very quick, somewhat resistant to hostile
enchantments, fairly stealthy
A: unfitting armour, see invisible, herbivore 3, speed 3, slow metabolism 2
a: Shadow Step, Renounce Religion


You were in the Dungeon.
You worshipped Dithmenos.
Dithmenos was pleased with you.
You were not hungry.

You visited 1 branch You collected 628 gold pieces.
You spent 208 gold pieces at shops.

Inventory:

Hand Weapons
 a - a +1 dagger
 n - a +0 blowgun
 o - a +0 dagger of distortion
 r - the cursed +1 short sword of Pukacuaxu (weapon) {venom, rPois}
   (You bought it in a shop in the Dungeon)

   It poisons the flesh of those it strikes.
   It protects you from poison.
   It has a curse placed upon it.
Missiles
 p - 7 curare-tipped needles
Armour
 b - a +1 robe (worn)
Wands
 k - a wand of digging (11)
 m - a wand of draining (5)
Scrolls
 j - a scroll of blinking
 q - a scroll of recharging {unknown}
Potions
 e - a potion of curing
 f - a potion of heal wounds
 g - a potion of haste
 h - 2 potions of magic
 i - a potion of berserk rage
 l - a potion of might {unknown}
Books
 c - a book of Maledictions

   Spells                             Type                      Level
   a - Corona                         Hexes                        1
   b - Ensorcelled Hibernation        Hexes/Ice                    2
   c - Confuse                        Hexes                        3
   d - Tukima's Dance                 Hexes                        3
   e - Dazzling Spray                 Conjuration/Hexes            3
Comestibles
 d - a bread ration


   Skills:
 + Level 3.0 Fighting
 - Level 9.6 Short Blades
 + Level 13.4 Dodging
 + Level 14.6 Stealth
 + Level 11.5 Spellcasting
 + Level 12.2 Hexes


You had 19 spell levels left.
You knew the following spells:

 Your Spells              Type           Power        Failure   Level  Hunger
a - Corona                Hex            ######.      1%          1    None
b - Ensorcelled Hibernat  Hex/Ice        ####..       1%          2    None
c - Confuse               Hex            ######..     1%          3    None
d - Tukima's Dance        Hex            ######..     1%          3    None
e - Dazzling Spray        Conj/Hex       ####....     1%          3    None


Dungeon Overview and Level Annotations

Branches:
Dungeon (1/1)

Altars:
Cheibriados
Dithmenos
Elyvilon
Fedhas
Gozag
Kikubaaqudgha
Makhleb
Nemelex Xobeh
Okawaru
Qazlal
Ru
Sif Muna
Trog
Vehumet
Xom
Yredelemnul
Zin
The Shining One
Jiyva

Shops:
D %([


Innate Abilities, Weirdness & Mutations

You are tiny and cannot use many weapons and most armour.
You have supernaturally acute eyesight.
You are a herbivore.
You cover ground extremely quickly.
You need consume almost no food.


Message History

You see here 13 stones.
There is an open door here.
You close the door.
You start resting.
Magic restored.
You start resting.
HP restored.
You see here the kobold skeleton of Sonja.
You open the door.
The giant spore waves its rhizomes.
The giant spore explodes!
The explosion of spores engulfs you!
You are confused.
The explosion of spores engulfs the giant spore.
The giant spore explodes!
A fungus suddenly grows. x2
The explosion of spores engulfs you!
You are more confused.
Ouch! That really hurt!
You die...

#..#__####..##(#≈§§ +##
#..#_..__##'#..+§§
#⌠⌠#_.∩..†'..s_#§§§
####_..._##_.#+##+###
#_____###+# #[)).###
############.####'###.##
#∩........'...'.....'(∩#
###++++####.÷.##########
##@## #P# !$!


$$[P$ ####### There were no monsters in sight!

Vanquished Creatures
  Sonja (D)
  A deep troll (D)
  A demonic crawler (D)
  2 kobold demonologists (D)
  A slime creature (D)
  Sigmund (D)
  A yak (D)
  An ogre (D)
  Ijyb (D)
  A jelly (D)
  A giant eyeball (D)
12 creatures vanquished.

Notes
Turn   | Place    | Note
--------------------------------------------------------------
     0 | D        | oplop the Spriggan Enchanter began the quest for the Orb.
     0 | D        | Reached XP level 1. HP: 9/9 MP: 5/5
     2 | D        | Noticed Ijyb
    11 | D        | Killed Ijyb
    11 | D        | Reached skill level 5 in Stealth
    11 | D        | Reached skill level 5 in Hexes
    11 | D        | Reached XP level 2. HP: 11/13 MP: 3/7
    50 | D        | Learned a level 2 spell: Ensorcelled Hibernation
    51 | D        | Noticed an ogre
    62 | D        | Killed an ogre
    62 | D        | Reached skill level 6 in Dodging
    62 | D        | Reached skill level 7 in Stealth
    62 | D        | Reached skill level 5 in Spellcasting
    62 | D        | Reached XP level 3. HP: 16/16 MP: 1/10
    62 | D        | Reached XP level 4. HP: 21/21 MP: 1/12
   155 | D        | Noticed Sigmund
   158 | D        | Killed Sigmund
   158 | D        | Reached skill level 5 in Short Blades
   158 | D        | Reached skill level 8 in Dodging
   158 | D        | Reached skill level 9 in Stealth
   158 | D        | Reached XP level 5. HP: 24/24 MP: 13/15
   163 | D        | Learned a level 3 spell: Confuse
   167 | D        | Learned a level 3 spell: Tukima's Dance
   171 | D        | Learned a level 3 spell: Dazzling Spray
   183 | D        | Found a deep blue altar of Sif Muna.
   184 | D        | Noticed a jelly
   185 | D        | Found a radiant altar of Vehumet.
   189 | D        | Killed a jelly
   189 | D        | Reached XP level 6. HP: 28/28 MP: 13/17
   194 | D        | Found a viscous altar of Jiyva.
   194 | D        | Found a blossoming altar of Fedhas.
   194 | D        | Noticed a slime creature
   195 | D        | Found a snail-covered altar of Cheibriados.
   195 | D        | Found a shadowy altar of Dithmenos.
   198 | D        | Killed a slime creature
   198 | D        | Reached skill level 10 in Stealth
   200 | D        | Became a worshipper of Dithmenos the Shadowed
   209 | D        | Found Ydimm's Antique Weapon Emporium.
   209 | D        | Found a white marble altar of Elyvilon.
   209 | D        | Found a stormy altar of Qazlal.
   209 | D        | Found a burning altar of Makhleb.
   209 | D        | Found a sacrificial altar of Ru.
   209 | D        | Found a basalt altar of Yredelemnul.
   209 | D        | Found a glowing golden altar of the Shining One.
   209 | D        | Found a sparkling altar of Nemelex Xobeh.
   209 | D        | Found a shimmering altar of Xom.
   209 | D        | Found an opulent altar of Gozag.
   209 | D        | Found an ancient bone altar of Kikubaaqudgha.
   209 | D        | Found a glowing silver altar of Zin.
   209 | D        | Noticed a yak
   210 | D        | Found an iron altar of Okawaru.
   211 | D        | Killed a yak
   211 | D        | Reached skill level 10 in Dodging
   211 | D        | Reached skill level 11 in Stealth
   211 | D        | Reached XP level 7. HP: 32/32 MP: 16/20
   212 | D        | Found a bloodstained altar of Trog.
   236 | D        | Noticed Sonja
   240 | D        | Killed Sonja
   240 | D        | Reached skill level 12 in Stealth
   240 | D        | Reached skill level 10 in Hexes
   240 | D        | Reached XP level 8. HP: 36/36 MP: 20/22
   257 | D        | Found Ydastrib's Food Boutique.
   269 | D        | Noticed a deep troll
   281 | D        | Killed a deep troll
   281 | D        | Reached * piety under Dithmenos
   281 | D        | Reached skill level 13 in Stealth
   281 | D        | Reached skill level 10 in Spellcasting
   304 | D        | Found Leweupon's Armour Emporium.
   360 | D        | Bought a steaming short sword for 208 gold pieces
   360 | D        | Identified the cursed +1 short sword of Pukacuaxu {venom, rPois} (You bought it in a shop in the Dungeon)
   388 | D        | Noticed a kobold demonologist
   389 | D        | Noticed a kobold demonologist
   393 | D        | Killed a kobold demonologist
   393 | D        | Reached skill level 1 in Fighting
   393 | D        | Reached skill level 14 in Stealth
   394 | D        | Killed a kobold demonologist
   394 | D        | Reached XP level 9. HP: 39/43 MP: 23/25
   399 | D        | Noticed a demonic crawler
   399 | D        | Noticed a demonic crawler
   399 | D        | Noticed a demonic crawler
   399 | D        | Noticed a demonic crawler
   413 | D        | Killed a demonic crawler
   413 | D        | Reached ** piety under Dithmenos
   586 | D        | Killed by an exploding giant spore

Action                   |  1- 3 |  4- 6 |  7- 9 || total
-------------------------+-------+-------+-------++-------
Melee: Dagger            |     7 |     5 |     5 ||    17
       Short sword       |       |       |     7 ||     7
 Cast: Corona            |     2 |       |       ||     2
       Ensorcelled Hiber |     3 |       |       ||     3
       Confuse           |       |     1 |     1 ||     2
       Dazzling Spray    |       |       |     3 ||     3
 Stab: Sleeping          |     2 |     3 |     4 ||     9
       Confused          |       |     1 |     2 ||     3
       Invisible         |       |       |     2 ||     2
